 Dungeon Crawl Stone Soup version 0.28.0-45-g0d030f2227 (webtiles) character file.

Game seed: 2292257710922214523

2809 Zeld the Destroyer (level 9, 10/74 HPs)
             Began as a Green Draconian Conjurer on Apr 18, 2022.
             Was a Follower of Vehumet.
             Quit the game on level 7 of the Dungeon.
             The game lasted 00:15:08 (9553 turns).

Zeld the Destroyer (Green Draconian Conjurer)       Turns: 9553, Time: 00:15:09

Health: 10/74      AC:  9    Str: 10    XL:     9   Next: 44%
Magic:  0/17       EV: 12    Int: 22    God:    Vehumet [*.....]
Gold:   280        SH:  0    Dex: 10    Spells: 8/19 levels left

rFire   . . .      SeeInvis +   (no weapon)
rCold   . . .      Faith    .   (no shield)
rNeg    . . .      Spirit   .   (armour unavailable)
rPois   +          Reflect  .   (helmet restricted)
rElec   .          Harm     .   c - +0 cloak
rCorr   .          Rampage  .   (no gloves)
Will    .....                   n - +0 pair of boots
Stlth   ++........              (no amulet)
HPRegen 0.22/turn               b - ring of wizardry
MPRegen 0.15/turn               o - ring of see invisible

@: mighty, seriously poisoned (10 -> 2)
A: breathe noxious fumes, AC +7, unfitting armour, poison resistance,
cold-blooded
a: Breathe Noxious Fumes, Renounce Religion


You were on level 7 of the Dungeon.
You worshipped Vehumet.
Vehumet was aware of your devotion.
You visited 2 branches of the dungeon, and saw 8 of its levels.

You collected 280 gold pieces.

Inventory:

Armour
 c - a +0 cloak (worn)
 n - a +0 pair of boots (worn)
Jewellery
 b - a ring of wizardry (left hand)
 o - a ring of see invisible (right hand)
Wands
 r - a wand of polymorph (7)
Scrolls
 a - a scroll of fog {unknown}
 f - 2 scrolls of enchant weapon
 j - 2 scrolls of blinking
 l - a scroll of amnesia
 q - a scroll of fear {unknown}
 u - a scroll of magic mapping {unknown}
Potions
 e - 3 potions of might
 i - a potion of mutation {unknown}
 k - a potion of brilliance {unknown}
 m - 2 potions of degeneration {unknown}
 p - a potion of ambrosia {unknown}
 s - a potion of invisibility {unknown}
 t - a potion of berserk rage


   Skills:
 - Level 5.0 Fighting
 - Level 3.0 Dodging
 - Level 3.0 Stealth
 + Level 5.6 Spellcasting
 * Level 9.3 Conjurations
 - Level 2.0 Hexes
 - Level 2.0 Translocations
 + Level 4.0 Evocations


You had 8 spell levels left.
You knew the following spells:

 Your Spells              Type           Power      Damage    Failure   Level
a - Magic Dart            Conj           100%       1d8       1%          1
b - Searing Ray           Conj           94%        2d7       1%          2
c - Fulminant Prism       Conj/Hex       15%        3d11      3%          4
d - Iskenderun's Mystic   Conj/Tloc      31%        2d8       3%          4

Your spell library contained the following spells:

 Spells                   Type           Power      Damage    Failure   Level
 Shock                    Conj/Air       100%       1d9       1%          1
 Dazzling Flash           Conj/Hex       62%        N/A       1%          3
 Ensorcelled Hibernation  Hex/Ice        20%        N/A       4%          2
 Spider Form              Tmut/Pois      6%         N/A       12%         3
 Anguish                  Hex/Necr       5%         N/A       24%         4


Dungeon Overview and Level Annotations

Branches:
Dungeon (7/15)             Temple (1/1) D:5

Altars:
Ashenzari
Cheibriados
Dithmenos
Elyvilon
Fedhas
Gozag
Hepliaklqana
Kikubaaqudgha
Makhleb
Nemelex Xobeh
Okawaru
Qazlal
Ru
Sif Muna
Trog
Uskayaw
Vehumet
Wu Jian
Xom
Yredelemnul
Zin
The Shining One


Innate Abilities, Weirdness & Mutations

You can breathe blasts of noxious fumes.
Your lurid green scales are hard. (AC +7)
You cannot fit into any form of body armour.
Your system is resistant to poisons. (rPois)
You are cold-blooded and may be slowed by cold attacks.


Message History

You feel sick. The killer bee closely misses you. The killer bee misses you.
The killer bee barely misses you. The killer bee stings you!
* * * LOW HITPOINT WARNING * * *
You feel sick. The killer bee stings you.
* * * LOW HITPOINT WARNING * * *
The killer bee completely misses you. The killer bee stings you.
* * * LOW HITPOINT WARNING * * *
The killer bee closely misses you.
Casting: Magic Dart (safe; 1% risk of failure)
Confirm with . or Enter, or press ? or * to list all spells.
You erupt in a blast of force!
The mystic blast hits the killer bee!
The killer bee is heavily wounded.
The killer bee is knocked back by the mystic blast.
The mystic blast hits the killer bee.
The killer bee is lightly wounded.
The killer bee is knocked back by the mystic blast.
The mystic blast hits the killer bee!
The killer bee is heavily wounded.
The killer bee is knocked back by the mystic blast.
The killer bee buzzes angrily.
You feel sick.
Unknown command.
Unknown command.
Casting: Iskenderun's Mystic Blast (dangerous; 3% risk of failure)
Confirm with . or Enter, or press ? or * to list all spells.
Aiming: Magic Dart (safe; 1% risk of failure)
Press: ? - help, Shift-Dir - straight line, f - killer bee
Aim: a killer bee (100% to hit)
The magic dart hits the killer bee.
The killer bee is lightly wounded.
You feel sick. The killer bee stings you.
* * * LOW HITPOINT WARNING * * *
You are more poisoned.
The killer bee poisons you!
It was a potion of might.
You feel very mighty all of a sudden.
* * * LOW HITPOINT WARNING * * *
You feel sick. The killer bee barely misses you.
The killer bee closely misses you. The killer bee misses you. x2
Are you sure you want to abandon this character and quit the game? (Confirm with "yes".)

#.....#.#. ..... #.# ## ##
#...#...#....... ##.# ...
..##..###..#.## #..###..# ....
#.....#....††.# #....#.##.....
###.......###.## #.......y...
........)......####..#.##.....
..#.#.))######.(.###..........
..#.).### ##..##.....#.....
.....## #.@yy.....# ....
....## ###y......# ... ..###
#)........# .. ..#
#..........# . ..#
#..###.....# ..# #... #..$...#
÷<# #.... ######.# ### #..# ..


You could see 3 killer bees.

Vanquished Creatures
  Pikel (D:4)
  Eustachio (D:6)
  Menkaure (D:6)
  A water moccasin (D:5)
  4 sky beasts
  2 black bears
  2 ogres
  3 necrophages
  4 lemures
  A gnoll sergeant (D:7)
  3 scorpions
  A water moccasin skeleton (D:5)
  2 killer bees
  3 howler monkeys (D:7)
  A centaur zombie (D:6)
  3 hounds
  A jelly (D:6)
  An orc priest (D:3)
  2 iguanas
  2 orc wizards
  7 gnolls
  A howler monkey skeleton (D:5)
  8 adders
  A white imp (D:6)
  An adder skeleton (D:4)
  2 worms (D:2)
  3 dart slugs
  5 orcs
  6 endoplasms
  6 giant cockroaches
  6 goblins
  9 hobgoblins
  4 jackals (D:1)
  8 kobolds
  5 quokkas
  9 ball pythons
  9 bats
  4 frilled lizards
  A jackal skeleton (D:4)
  5 rats
139 creatures vanquished.

Vanquished Creatures (others)
  6 fungi (D:7)
  2 toadstools (D:7)
8 creatures vanquished.

Grand Total: 147 creatures vanquished

Notes
Turn   | Place    | Note
-------+----------+-------------------------------------------
     0 | D:1      | Zeld the Draconian Conjurer began the quest for the Orb.
     0 | D:1      | Reached XP level 1. HP: 14/14 MP: 3/3
   296 | D:1      | Reached XP level 2. HP: 22/22 MP: 3/5
   317 | D:1      | Found a faded altar of an unknown god.
   587 | D:1      | Reached skill level 1 in Fighting
   909 | D:1      | Reached XP level 3. HP: 28/28 MP: 2/6
   951 | D:1      | Learned a level 2 spell: Searing Ray
  2319 | D:2      | Reached XP level 4. HP: 35/35 MP: 2/7
  2915 | D:3      | Reached XP level 5. HP: 25/41 MP: 0/8
  3089 | D:3      | Found a stormy altar of Qazlal.
  3232 | D:3      | Reached skill level 5 in Conjurations
  4200 | D:3      | Noticed an ogre
  4204 | D:3      | Killed an ogre
  4205 | D:3      | Reached XP level 6. HP: 48/48 MP: 4/10
  4257 | D:3      | Learned a level 4 spell: Fulminant Prism
  4643 | D:4      | Learned a level 4 spell: Iskenderun's Mystic Blast
  5311 | D:4      | Noticed Pikel
  5450 | D:5      | Entered Level 5 of the Dungeon
  5450 | D:5      | Found a bloodstained altar of Trog.
  5612 | D:4      | HP: 2/50 [scorpion (2)]
  5618 | D:4      | HP: 1/50 [scorpion (2)]
  6005 | D:5      | Noticed a vampire
  6054 | D:4      | Reached skill level 6 in Conjurations
  6054 | D:4      | Your scales start taking on a lurid green colour.
  6054 | D:4      | Reached XP level 7. HP: 47/57 MP: 2/11
  6054 | D:4      | Gained mutation: Your system is resistant to poisons.
                  | (rPois) [Green Draconian growth]
  6131 | D:5      | Reached skill level 1 in Hexes
  6131 | D:5      | Reached skill level 1 in Translocations
  6555 | D:4      | Killed Pikel
  6556 | D:4      | Reached skill level 7 in Conjurations
  6556 | D:4      | Reached XP level 8. HP: 15/66 MP: 0/14
  7154 | D:5      | Found a staircase to the Ecumenical Temple.
  7247 | Temple   | Entered the Ecumenical Temple
  7303 | Temple   | Became a worshipper of Vehumet
  7409 | D:5      | Reached skill level 1 in Evocations
  7611 | D:5      | Found a snail-covered altar of Cheibriados.
  7884 | D:5      | Found a burning altar of Makhleb.
  8123 | D:6      | Noticed Menkaure
  8128 | D:6      | Killed Menkaure
  8129 | D:6      | Reached skill level 8 in Conjurations
  8136 | D:6      | Reached skill level 5 in Fighting
  8523 | D:6      | Noticed Eustachio
  8534 | D:6      | Killed Eustachio
  8535 | D:6      | Reached skill level 5 in Spellcasting
  8535 | D:6      | Reached XP level 9. HP: 72/74 MP: 4/16
  9351 | D:7      | Reached skill level 9 in Conjurations
  9461 | D:7      | Reached * piety under Vehumet
  9461 | D:7      | Offered knowledge of Shock by Vehumet.
  9553 | D:7      | Quit the game

Illustrated notes

Levels and vault maps discovered:
D:1:      dpeg_arrival_round_c, layout_basic,
          shapermc_ecumenical_altar_mp_urbaneastern
D:2:      layout_loops_corners
D:3:      minmay_diamond_boxcup, layout_loops_cross, grunt_qazlal_sundering
D:4:      layout_cave_pools, nrook_loot_triangle, uniq_pikel
D:5:      layout_gridville, nicolae_overflow_hidden_temple,
          minmay_temple_entry_poolview, hangedman_decor_peaks_small,
          amcnicky_mini_rare_corridor_liquid
D:6:      layout_loops_ring, uniq_menkaure, uniq_eustachio
D:7:      layout_rooms, enter_ossuary_1, nicolae_wooded_promenade,
          minmay_gold_behind_fungi, david_defended_altar_orc
Temple:   compressed_dpeg_circular_temple

Skill      XL: |  1  2  3  4  5  6  7  8  9 |
---------------+----------------------------+-----
Stealth        | 2 3 |  3.0
Fighting       | 1 2 3 4 5 |  5.0
Dodging        | 2 3 |  3.0
Conjurations   | 5 6 7 8 9 |  9.3
Spellcasting   | 3 4 5 |  5.6
Hexes          | 2 |  2.0
Translocations | 2 |  2.0
Evocations     | 2 4 |  4.0

Action                   |  1- 3 |  4- 6 |  7- 9 || total
-------------------------+-------+-------+-------++-------
Melee: Unarmed           |    42 |    24 |    24 ||    90
       Tailslap          |     5 |     3 |     3 ||    11
       Punch             |     1 |     1 |       ||     2
 Cast: Magic Dart        |    90 |    82 |    25 ||   197
       Searing Ray       |     1 |    22 |    47 ||    70
       Iskenderun's Myst |       |     3 |     5 ||     8
 Abil: Breathe Noxious F |       |       |     1 ||     1
  Use: Potion            |     1 |       |     1 ||     2
       Scroll            |       |       |     5 ||     5
 Stab: Confused          |       |       |     1 ||     1
Armor: Skin              |    31 |    42 |    57 ||   130
Dodge: Dodged            |    56 |    73 |    97 ||   226
